 Dungeon Crawl Stone Soup version 0.16.1-30-g34a7ffa (webtiles) character file.

71768 Krapule the Warrior (level 14, -1/136 HPs)
             Began as a Minotaur Gladiator on June 21, 2015.
             Was the Champion of Okawaru.
             Slain by a reaper
             ... wielding a +2 scythe of freezing
              (15 damage)
             ... on level 1 of the Abyss.
             The game lasted 02:09:49 (31955 turns).

Krapule the Warrior (Minotaur Gladiator)           Turns: 31955, Time: 02:09:51

Health: -1/136     AC: 35    Str: 24 (25) XL:     14   Next: 99%
Magic:  23/23      EV: 10    Int:  8      God:    Okawaru [******]
Gold:   1283       SH:  0    Dex: 11      Spells: 1 memorised, 21 levels left

rFire  + . .     SeeInvis .     h - +10 quarterstaff of Defiance {flame, +Rage rF- rN+ Str+4 Int-5}
rCold  . . .     Clarity  .     M - +4 gold dragon armour
rNeg   + + +     SustAb   .     (no shield)
rPois  +         Gourm    .     G - +2 hat {MR+}
rElec  .         Spirit   .     F - +0 cloak
rCorr  .         Warding  +     s - +1 pair of gloves
rMut   .         Stasis   .     Y - +2 pair of boots {Stlth+}
MR     ++...                    m - amulet of warding
Stlth  ..........               N - ring of Linearity {Fire Int+4}
                                y - ring of positive energy

@: very slightly contaminated, non-regenerating, badly diseased, very resistant
to hostile enchantments, extremely unstealthy
A: retaliatory headbutt, horns 2, icy blue scales 1
a: Heroism, Finesse, Renounce Religion, Evoke Berserk Rage


You were on level 1 of the Abyss.
You worshipped Okawaru.
Okawaru was exalted by your worship.
You were not hungry.

You visited 4 branches of the dungeon, and saw 23 of its levels.
You visited the Abyss 1 time.
You also visited: Sewer and Ossuary.

You collected 2414 gold pieces.
You spent 1131 gold pieces at shops.

Inventory:

Hand weapons
 h - the +10 quarterstaff of Defiance (weapon) {flame, +Rage rF- rN+ Str+4 Int-5}
   (Okawaru gifted it to you on level 7 of the Lair of Beasts)

   It has been specially enchanted to burn those struck by it, causing extra
   injury to most foes and up to half again as much damage against particularly
   susceptible opponents.
   It affects your strength (+4).
   It affects your intelligence (-5).
   It makes you vulnerable to fire.
   It protects you from negative energy.
   It lets you go berserk.
 w - a +4 quarterstaff of protection
 x - a +2 vampiric lajatang
Missiles
 c - 6 poisoned javelins (quivered)
 d - 4 throwing nets
 J - 4 tomahawks of returning
 P - 8 javelins of penetration
Armour
 s - a +1 pair of gloves (worn)
 F - a +0 cloak (worn)
 G - a +2 hat of magic resistance (worn)
 M - a +4 gold dragon armour (worn)
 Y - a +2 pair of boots of stealth (worn)
Jewellery
 m - an amulet of warding (around neck)
 y - a ring of positive energy (left hand)
 N - the ring of Linearity (right hand) {Fire Int+4}
   (You found it on level 1 of the Lair of Beasts)

   [ring of fire]

   It enhances your fire magic, and weakens your ice magic.
   It affects your intelligence (+4).
   It protects you from fire.
   It makes you vulnerable to cold.
Magical devices
 n - a wand of cold (0)
 r - a wand of heal wounds (5)
 t - a wand of hasting (0)
Scrolls
 e - 17 scrolls of identify
 g - a scroll of magic mapping
 j - 4 scrolls of blinking
 D - 7 scrolls of fear
 U - 4 scrolls of remove curse
 W - 3 scrolls of teleportation
Potions
 l - 2 potions of curing
 p - 5 potions of flight
 v - a potion of cancellation
 A - 7 potions of agility
 K - 3 potions of invisibility
 Q - a potion of haste
 T - a potion of ambrosia {unknown}
Comestibles
 f - 13 bread rations
 L - 2 royal jellies


   Skills:
 * Level 15.9 Fighting
 - Level 10.0 Staves
 - Level 2.0 Throwing
 * Level 15.0 Armour
 * Level 14.3 Dodging
 - Level 5.0 Spellcasting
 + Level 1.0 Translocations
 - Level 9.0 Invocations


You had 21 spell levels left.
You knew the following spells:

 Your Spells              Type           Power        Failure   Level  Hunger
a - Blink                 Tloc           N/A          100%        2    ##.....


Dungeon Overview and Level Annotations

Branches:
Dungeon (11/15)            Temple (1/1) D:5            Lair (8/8) D:11
  Swamp (0/5) Lair:6        Snake (0/5) Lair:3        Slime (0/6) Lair:8
    Orc (3/4) D:10
    Elf: Orc:3-4

Altars:
Ashenzari
Cheibriados
Dithmenos
Elyvilon
Fedhas
Gozag
Kikubaaqudgha
Makhleb
Nemelex Xobeh
Okawaru
Qazlal
Ru
Sif Muna
Trog
Vehumet
Xom
Yredelemnul
Zin
The Shining One
Beogh
Jiyva

Shops:
D:7 [   D:10 (

Annotations:
Lair:7 exclusion: oklob plant
Orc:3 Sonja


Innate Abilities, Weirdness & Mutations

You reflexively headbutt those who attack you in melee.
You have a pair of horns on your head.
You are partially covered in icy blue scales (AC +1).


Message History

The bolt of fire hits the flying skull.
The flying skull resists.
The bolt of fire hits you! You resist.
* * * LOW HITPOINT WARNING * * *
The flying skull hits you but does no damage.
The reaper hits you from afar with a scythe of freezing!
* * * LOW HITPOINT WARNING * * *
The reaper freezes you.
* * * LOW HITPOINT WARNING * * *
Evoke which item? (* to show all) (? for menu, Esc to quit)
Zapping:
r - a wand of heal wounds (6)
Press: ? - help, Shift-Dir - straight line, f - you You feel much better.
This wand has 5 charges left.
The flying skull hits you but does no damage.
You hit the flying skull. You burn the flying skull.
The flying skull is almost destroyed.
The flying skull hits you but does no damage.
The reaper hits you from afar with a scythe of freezing!!
* * * LOW HITPOINT WARNING * * *
The reaper freezes you!
You die...

#.#. #..# ≈≈#
.#..#.# #≈≈≈≈
###.
#....#....≈§
≈≈.≈≈.. .. .
##..##≈≈≈≈≈ ≈##
... # #..§. ≈
≈≈≈... #..
xz.#..≈≈≈≈5≈.#.
##R#...≈≈5 ≈ .
##z2.###§≈≈≈. .
#@#.## ###2#.
.# . #####
##### ## #


You could see a reaper, an ancient zyme, an efreet and 2 flying skulls.

Vanquished Creatures
  Rupert (Lair:7)
  Gastronok (D:9)
  Josephine (D:11)
  Harold (Lair:6)
  9 hydras
  A catoblepas (Lair:5)
  An orc high priest (Orc:1)
  5 death yaks (Lair:4)
  3 thrashing horrors (Abyss:1)
  Nergalle (D:10)
  5 skeletal warriors (D:11)
  An unseen horror (D:11)
  2 hill giants (D:10)
  A lindwurm (Lair:8)
  2 orc knights
  2 ugly things (D:11)
  2 griffons
  A phantasmal warrior (Abyss:1)
  A guardian serpent (Abyss:1)
  3 black mambas
  20 spiny frogs
  An apocalypse crab (Abyss:1)
  A kobold demonologist (Abyss:1)
  A gargoyle (D:11)
  A fire drake (Lair:1)
  6 komodo dragons
  An ancient zyme (Abyss:1)
  A polar bear (Lair:1)
  4 trolls
  5 giant leeches (Lair:8)
  A freezing wraith (Abyss:1)
  18 blink frogs
  Prince Ribbit (D:8)
  A large abomination (Abyss:1)
  A slime creature (Lair:1)
  A boulder beetle (Lair:5)
  A shadow (Abyss:1)
  5 basilisks
  A spriggan (D:10)
  3 wraiths (D:11)
  2 water elementals (D:11)
  6 hippogriffs
  A ynoxinul (Abyss:1)
  A small abomination (Abyss:1)
  59 yaks
  Grum (D:8)
  10 wolves
  2 hungry ghosts
  4 wyverns
  A chaos spawn (Abyss:1)
  7 vampire mosquitoes
  6 swamp worms (Lair:6)
  3 wargs (Orc:1)
  2 nagas
  11 orc warriors
  9 water moccasins
  4 sky beasts
  2 black bears
  An ice beast (D:9)
  16 porcupines
  An eye of draining (D:10)
  7 ogres
  4 centaurs
  2 boring beetles (Lair:8)
  A phantom (D:10)
  10 crocodiles
  Duvessa (D:8)
  7 big kobolds
  Blork the orc (D:8)
  2 elf zombies (Ossuary)
  A wyvern zombie (D:9)
  34 giant frogs
  A water moccasin zombie (D:8)
  A wyvern skeleton (D:10)
  A water moccasin skeleton (D:8)
  3 scorpions
  19 killer bees
  12 wights
  6 electric eels
  Dowan (D:8)
  4 centaur zombies
  2 giant frog zombies
  4 crimson imps
  3 quasits
  A human zombie (Ossuary)
  A goliath beetle (D:7)
  15 jellies
  8 orc priests
  A wasp zombie (D:8)
  A gnoll shaman (D:10)
  Crazy Yiuf (D:6)
  2 giant frog skeletons
  2 centaur skeletons
  6 iguanas
  12 worker ants
  10 hounds
  18 orc wizards
  A merfolk avatar (Sewer)
  A siren (Sewer)
  8 sheep
  A big kobold zombie (Ossuary)
  A hound skeleton (D:4)
  A hound zombie (D:9)
  2 mummies (Ossuary)
  10 gnolls
  A worker ant zombie (D:6)
  57 river rats
  2 giant mites
  30 adders
  3 shadow imps
  4 white imps (Abyss:1)
  A worm (shapeshifter) (Orc:2)
  A worm (D:5)
  An ufetubus (Abyss:1)
  2 adder skeletons
  4 adder zombies
  4 giant geckos
  10 oozes
  114 orcs
  2 bat skeletons
  A bat zombie (D:8)
  5 giant cockroaches
  A goblin (shapeshifter) (Lair:3)
  11 hobgoblins
  6 jackals
  18 bats
  10 giant newts
  3 giant spores
  17 goblins
  2 goblin zombies (Ossuary)
  9 hobgoblin zombies (Ossuary)
  A jackal zombie (Ossuary)
  51 kobolds
  15 kobold zombies (Ossuary)
  2 orc zombies (Ossuary)
  10 quokkas
  37 rats
  17 ballistomycetes
949 creatures vanquished.

Vanquished Creatures (others)
  A cyclops (D:11)
  An orc warrior (Orc:1)
  7 drowned souls (Sewer)
  A white imp (Abyss:1)
  3 giant spores
  A kobold zombie (D:8)
  7 fungi
  10 plants
31 creatures vanquished.

Grand Total: 980 creatures vanquished

Notes
Turn   | Place    | Note
--------------------------------------------------------------
     0 | D:1      | Krapule, the Minotaur Gladiator, began the quest for the Orb.
     0 | D:1      | Reached XP level 1. HP: 18/18 MP: 1/1
   166 | D:1      | Reached skill level 1 in Armour
   287 | D:1      | Reached XP level 2. HP: 25/25 MP: 1/1
   789 | D:2      | Reached XP level 3. HP: 28/31 MP: 2/2
  1418 | D:3      | Reached skill level 4 in Staves
  1418 | D:3      | Reached XP level 4. HP: 11/38 MP: 2/2
  1949 | D:3      | Reached XP level 5. HP: 34/46 MP: 2/2
  1953 | D:3      | Reached skill level 1 in Spellcasting
  2827 | D:3      | Reached XP level 6. HP: 45/53 MP: 5/5
  3529 | D:4      | Reached skill level 5 in Fighting
  3627 | D:5      | Entered Level 5 of the Dungeon
  3633 | D:5      | Reached skill level 5 in Dodging
  3633 | D:5      | Reached XP level 7. HP: 22/61 MP: 5/6
  3799 | D:5      | Reached skill level 5 in Staves
  3912 | D:5      | Found a glowing drain.
  3920 | Sewer    | Entered a sewer
  4261 | Sewer    | Noticed a drowned soul
  4263 | Sewer    | Killed a drowned soul
  4264 | Sewer    | Noticed a drowned soul
  4265 | Sewer    | Noticed a drowned soul
  4267 | Sewer    | Noticed a drowned soul
  4268 | Sewer    | Killed a drowned soul
  4269 | Sewer    | Killed a drowned soul
  4270 | Sewer    | Noticed a drowned soul
  4272 | Sewer    | Noticed a drowned soul
  4272 | Sewer    | Killed a drowned soul
  4275 | Sewer    | Noticed a drowned soul
  4276 | Sewer    | Noticed a drowned soul
  4277 | Sewer    | Killed a drowned soul
  4278 | Sewer    | Killed a drowned soul
  4279 | Sewer    | Noticed a drowned soul
  4279 | Sewer    | Noticed a drowned soul
  4282 | Sewer    | Killed a drowned soul
  4283 | Sewer    | Noticed a drowned soul
  4457 | D:5      | Found a staircase to the Ecumenical Temple.
  4497 | Temple   | Entered the Ecumenical Temple
  4599 | Temple   | Became a worshipper of Warmaster Okawaru
  4664 | D:5      | Found a sacrificial altar of Ru.
  4799 | D:5      | Reached skill level 5 in Armour
  5154 | D:5      | Reached skill level 6 in Fighting
  5417 | D:5      | Reached XP level 8. HP: 67/70 MP: 8/8
  5654 | D:6      | Found a sand-covered staircase.
  5659 | Ossuary  | Entered an ossuary
  6089 | D:6      | Acquired Okawaru's first power
  6129 | D:6      | Reached skill level 7 in Fighting
  6149 | D:6      | Found a bloodstained altar of Trog.
  6515 | D:6      | Noticed Crazy Yiuf
  6525 | D:6      | Killed Crazy Yiuf
  6691 | D:7      | Reached XP level 9. HP: 24/79 MP: 11/11
  7485 | D:7      | Reached skill level 1 in Invocations
  7528 | D:7      | Reached skill level 8 in Fighting
  7591 | D:7      | Noticed a centaur zombie
  7607 | D:7      | Killed a centaur zombie
  7657 | D:7      | Found a snail-covered altar of Cheibriados.
  7723 | D:7      | Found Kliadoh's Armour Shoppe.
  8019 | D:8      | Noticed Duvessa
  8020 | D:8      | Noticed Dowan
  8029 | D:8      | Killed Duvessa
  8045 | D:8      | Killed Dowan
  8262 | D:8      | Noticed Prince Ribbit
  8271 | D:8      | Killed Prince Ribbit
  8471 | D:8      | Noticed Blork the orc
  8479 | D:8      | Killed Blork the orc
  8479 | D:8      | Reached skill level 9 in Fighting
  8479 | D:8      | Reached XP level 10. HP: 89/91 MP: 14/14
  8868 | D:8      | Noticed Grum
  9129 | D:8      | Killed Grum
  9550 | D:9      | Received a gift from Okawaru
 10245 | D:9      | Noticed Gastronok
 10539 | D:8      | Reached skill level 10 in Fighting
 10862 | D:10     | Entered Level 10 of the Dungeon
 10865 | D:10     | Noticed an orc knight
 11031 | D:11     | Noticed Josephine
 11177 | D:11     | Noticed a cyclops
 11833 | D:10     | Reached XP level 11. HP: 95/100 MP: 3/16
 11843 | D:10     | Acquired Okawaru's second power
 11854 | D:10     | Noticed a hill giant
 11947 | D:10     | Killed an orc knight
 12269 | D:10     | Received a gift from Okawaru
 12575 | D:10     | Reached skill level 10 in Armour
 12582 | D:10     | Found a staircase to the Orcish Mines.
 12584 | D:10     | Found Ecloir's Weapon Shoppe.
 12631 | D:10     | Killed a hill giant
 12847 | D:10     | Noticed Nergalle
 12850 | D:10     | Noticed an eight-headed hydra
 12853 | D:10     | Noticed a hill giant
 12881 | D:11     | Killed a cyclops
 12881 | D:11     | Reached skill level 10 in Dodging
 13040 | D:11     | Noticed a green ugly thing
 13058 | D:11     | Killed a green ugly thing
 13109 | D:11     | Reached skill level 11 in Fighting
 13317 | D:11     | Reached skill level 5 in Invocations
 13979 | D:11     | Killed Josephine
 14164 | D:11     | Killed an unseen horror
 14346 | D:11     | Noticed a skeletal warrior
 14365 | D:11     | Killed a skeletal warrior
 14565 | D:11     | Noticed a skeletal warrior
 14565 | D:11     | Noticed a skeletal warrior
 14566 | D:11     | Noticed a skeletal warrior
 14566 | D:11     | Noticed a skeletal warrior
 14665 | D:10     | Killed Nergalle
 14665 | D:10     | Reached XP level 12. HP: 103/110 MP: 19/19
 14717 | D:10     | Killed a hill giant
 14855 | D:10     | Gained mutation: You are partially covered in icy blue scales (AC +1). [potion of beneficial mutation]
 15325 | Orc:1    | Entered Level 1 of the Orcish Mines
 15550 | Orc:2    | Found a roughly hewn altar of Beogh.
 16588 | Orc:1    | Received a gift from Okawaru
 16828 | Orc:1    | Reached skill level 12 in Fighting
 17303 | D:9      | Killed Gastronok
 17303 | D:9      | Received a gift from Okawaru
 17641 | D:7      | Bought a +1 gold dragon armour for 1131 gold pieces
 18521 | D:11     | Killed a skeletal warrior
 19058 | D:11     | Found a staircase to the Lair.
 19166 | D:11     | Killed a skeletal warrior
 19187 | D:11     | Killed a skeletal warrior
 19203 | D:11     | Killed a skeletal warrior
 19219 | D:11     | Received a gift from Okawaru
 19575 | Lair:1   | Entered Level 1 of the Lair of Beasts
 19586 | Lair:1   | Got a smoking copper ring
 20524 | Lair:2   | Received a gift from Okawaru
 20726 | Lair:2   | Reached skill level 10 in Staves
 20726 | Lair:2   | Reached XP level 13. HP: 119/119 MP: 20/20
 20946 | Lair:2   | Noticed an eight-headed hydra
 21001 | Lair:2   | Killed an eight-headed hydra
 21001 | Lair:2   | Reached skill level 13 in Fighting
 21001 | Lair:2   | Reached skill level 5 in Spellcasting
 21622 | Lair:2   | Received a gift from Okawaru
 22308 | Lair:3   | Found a shimmering altar of Xom.
 22545 | Lair:3   | Found a staircase to the Snake Pit.
 23248 | Lair:4   | Identified the ring of Linearity {Fire Int+4} (You found it on level 1 of the Lair of Beasts)
 24228 | Lair:4   | Reached skill level 14 in Fighting
 24858 | Lair:4   | Received a gift from Okawaru
 26588 | Lair:6   | Found a staircase to the Swamp.
 26611 | Lair:6   | Reached XP level 14. HP: 118/133 MP: 22/22
 27792 | Lair:7   | Noticed Harold
 27794 | Lair:7   | Noticed Rupert
 28151 | Lair:6   | Killed Harold
 28487 | Lair:7   | Killed Rupert
 28651 | Lair:7   | Received a gift from Okawaru
 28654 | Lair:7   | Got a jewelled quarterstaff {god gift}
 28655 | Lair:7   | Identified the +10 quarterstaff of Defiance {flame, +Rage rF- rN+ Str+4 Int-5} (Okawaru gifted it to you on level 7 of the Lair of Beasts)
 28891 | Lair:8   | Entered Level 8 of the Lair of Beasts
 28897 | Lair:8   | Reached skill level 15 in Fighting
 29319 | Lair:8   | Received a gift from Okawaru
 30341 | Lair:8   | Received a gift from Okawaru
 30832 | Lair:8   | Found a staircase to the Slime Pits.
 30833 | Lair:8   | Found a viscous altar of Jiyva.
 31291 | D:11     | Learned a level 2 spell: Blink
 31362 | Orc:3    | Noticed Sonja
 31384 | Orc:3    | Cast into the Abyss (Sonja)
 31384 | Abyss:1  | Found a corrupted altar of Lugonu.
 31941 | Abyss:1  | Reached skill level 15 in Armour
 31941 | Abyss:1  | Reached skill level 1 in Translocations
 31955 | Abyss:1  | Slain by a reaper

Action                   |  1- 3 |  4- 6 |  7- 9 | 10-12 | 13-15 || total
-------------------------+-------+-------+-------+-------+-------++-------
Melee: Quarterstaff      |   104 |   142 |   645 |  1344 |   781 ||  3016
       Lajatang          |       |       |       |       |   473 ||   473
Throw: Tomahawk          |       |       |       |     8 |       ||     8
       Throwing net      |       |       |       |     4 |       ||     4
Evoke: Wand              |       |       |       |    13 |    10 ||    23
  Use: Scroll            |     3 |       |     4 |    12 |     8 ||    27
       Potion            |     2 |     4 |     1 |     5 |     9 ||    21
 Stab: Paralysed         |       |       |     4 |     7 |     3 ||    14
       Petrifying        |       |       |     1 |     3 |     1 ||     5
       Petrified         |       |       |     1 |     2 |       ||     3
       Confused          |       |       |       |     5 |     4 ||     9
  Eat: Chunk             |     1 |     6 |    14 |    17 |    29 ||    67
       Fruit             |       |     2 |       |     3 |       ||     5
       Pizza             |       |       |     1 |     2 |       ||     3
       Meat ration       |       |       |       |     2 |     1 ||     3
       Beef jerky        |       |       |       |     1 |       ||     1
       Bread ration      |       |       |       |     2 |     1 ||     3
